AoeStats
← Karos

Arena

506739709Analyzed
3v3 RM · 16d ago on Sep 14, 2026· 51m 8s· 6 players
Game mode
Random Map
Map size
Normal (6 player)
Population
200
Speed
Normal
Resources
Standard
Victory
Conquest
Starting age
Dark Age
Ending age
Imperial Age
RankedLock teamsTeams togetherTeam positionsShared explorationLock speedFull tech treeHidden civsTurbo modeCheats
Victory
Defeat
🇦🇷 Burgundians · Argentina
740
+19
🇹🇷 Magyars · Türkiye
688
+21
🇪🇸 Khmer · Spain
684
+21
🇮🇶 Turks · Iraq
853
-44
🇮🇶 Romans · Iraq
792
-20
🇺🇸 Khmer · United States
780
-20
miniopepotes98
13:59 Feudal Age
14:44 Double-Bit Axe
17:45 Castle Age
16:33 Horse Collar
17:33 Bloodlines
19:10 Bow Saw
23:35 Scale Barding Armor
25:27 Gold Mining
27:55 Wheelbarrow
33:35 Imperial Age
31:11 Heavy Plow
31:41 Loom
36:51 Hand Cart
37:40 Crop Rotation
38:58 Gold Shaft Mining
39:14 Tusk Swords
42:01 Forging
41:43 Light Cavalry
45:18 Sappers
45:55 Hussar
47:45 Chain Barding Armor
48:01 Iron Casting
48:22 Double Crossbow
49:19 Plate Barding Armor
Nahue
3:20 Loom
9:57 Feudal Age
10:35 Double-Bit Axe
10:34 Horse Collar
15:22 Bow Saw
18:49 Castle Age
18:58 Stone Mining
19:13 Heavy Plow
19:58 Gold Mining
28:36 Pikeman
32:01 Wheelbarrow
35:40 Imperial Age
35:09 Padded Archer Armor
34:59 Fletching
35:47 Hand Cart
35:06 Elite Skirmisher
36:00 Forging
35:51 Scale Mail Armor
35:57 Scale Barding Armor
36:08 Leather Archer Armor
36:49 Gold Shaft Mining
37:56 Conscription
38:41 Iron Casting
38:01 Bodkin Arrow
39:29 Caravan
39:49 Chain Mail Armor
39:54 Burgundian Vineyards
40:52 Chemistry
41:19 Cavalier
41:59 Husbandry
42:19 Squires
43:12 Halberdier
44:54 Crop Rotation
45:02 Ballistics
47:15 Paladin
48:59 Blast Furnace
48:19 Chain Barding Armor
49:05 Two-Man Saw
51:05 Elite Coustillier
52:07 Conscription
Legolas
4:23 Loom
10:39 Feudal Age
17:00 Horse Collar
17:19 Gold Mining
17:26 Stone Mining
17:54 Double-Bit Axe
20:41 Castle Age
19:22 Scale Barding Armor
21:02 Padded Archer Armor
20:53 Fletching
24:13 Heavy Plow
26:05 Wheelbarrow
26:00 Corvinian Army
26:26 Bow Saw
29:26 Hand Cart
30:12 Gold Shaft Mining
30:31 Chain Barding Armor
36:10 Imperial Age
37:20 Conscription
37:53 Plate Barding Armor
38:10 Elite Magyar Huszar
40:44 Leather Archer Armor
40:24 Bodkin Arrow
41:46 Crop Rotation
42:17 Ballistics
41:37 Treadmill Crane
42:58 Chemistry
43:16 Parthian Tactics
43:39 Caravan
44:08 Bracer
46:03 Ring Archer Armor
45:53 Recurve Bow
49:29 Two-Man Saw
IamxSaVaGe7117
10:34 Feudal Age
16:19 Castle Age
19:05 Double-Bit Axe
19:32 Husbandry
19:33 Gold Mining
20:54 Bow Saw
32:19 Pikeman
37:26 Wheelbarrow
37:44 Gold Shaft Mining
42:48 Imperial Age
40:39 Hand Cart
43:41 Scale Mail Armor
43:33 Fletching
46:48 Conscription
46:24 Halberdier
47:36 Halberdier
Karos
14:05 Feudal Age
15:45 Wheelbarrow
14:57 Horse Collar
15:16 Double-Bit Axe
17:21 Padded Archer Armor
17:12 Fletching
18:05 Gold Mining
18:08 Stone Mining
24:02 Castle Age
25:23 Hand Cart
25:20 Heavy Plow
28:46 Leather Archer Armor
28:27 Bodkin Arrow
39:48 Imperial Age
41:53 Elite Janissary
47:49 Ring Archer Armor
47:19 Bracer
Eraser
10:33 Feudal Age
17:47 Castle Age
16:11 Double-Bit Axe
17:03 Horse Collar
16:53 Man-at-Arms
17:40 Scale Mail Armor
18:48 Squires
18:09 Long Swordsman
19:53 Bow Saw
35:28 Stone Mining
39:10 Fletching
39:35 Chain Mail Armor
39:42 Forging
39:21 Pikeman
43:02 Bodkin Arrow
Connection lost

Rejoining the realm…

Still unreachable

The connection could not be restored.

Session expired

The server has moved on; the page needs a fresh start.